Map: Pylon LE

Players

Warren

  • Race: Zerg Zerg
  • League: Master
  • Spawn Location: 5:00

MapeTheApe - Winner!

  • Race: Protoss Protoss
  • League: Grandmaster
  • Spawn Location: 11:00

VOD

Have the link to the VOD?

Description

Time

  • Played on: Sept. 7, 2025, 5:46 p.m.
  • Length: 8:28
Show
View Real Time Build Order
Export as new Build Order

Warren Zerg 

Build Orders: Hatch First 

Get SALT Encoding   

  12  0:00  Drone  
  13  0:08  Drone  
  14  0:15  Extractor  
  14  0:16  Drone  
  15  0:23  Overlord  
  15  0:44  Hatchery  
  15  0:46  Drone  
  15  0:49  Drone  
  16  0:53  Drone  
  17  0:57  Drone  
  18  1:06  Extractor  
  17  1:12  Spawning Pool  
  17  1:15  Drone  
  17  1:20  Drone  
  18  1:29  Drone  
  19  1:40  Drone  
  20  1:51  Drone  
  21  1:57  Drone  
  22  2:01  Queen x2  
  22  2:07  Zergling x2  
  27  2:08  Overlord  
  27  2:14  Metabolic Boost  
  27  2:15  Drone  
  28  2:26  Drone  
  28  2:27  Drone  
  30  2:30  Drone  
  30  2:34  Drone  
  32  2:39  Hatchery  
  31  2:45  Queen  
  31  2:49  Overlord  
  31  2:51  Drone  
  34  2:58  Zergling x4  
  35  3:02  Overlord  
  35  3:11  Drone, Zergling x2  
  35  3:12  Drone x3  
  40  3:19  Queen  
  42  3:20  Drone, Spore Crawler  
  42  3:33  Drone x3  
  44  3:38  Spore Crawler  
  41  3:41  Spore Crawler  
  41  3:45  Drone x4  
  43  3:51  Queen, Overlord  
  46  3:59  Spore Crawler  
  46  4:00  Drone x3  
  46  4:01  Drone x2  
  50  4:06  Overlord  
  50  4:11  Queen  
  52  4:18  Overlord x2  
  52  4:25  Drone x3, Evolution Chamber  
  52  4:27  Drone x2  
  52  4:29  Drone  
  57  4:35  Overlord  
  57  4:36  Overlord  
  57  4:37  Drone  
  57  4:38  Drone  
  59  4:44  Lair  
  59  4:46  Drone x2  
  59  4:47  Drone  
  62  4:55  Roach Warren  
  62  4:57  Extractor  
  62  4:58  Extractor  
  58  5:04  Zergling x16  
  66  5:10  Overlord  
  66  5:11  Drone x4  
  70  5:14  Zerg Missile Weapons Level 1  
  70  5:20  Drone x5  
  75  5:32  Evolution Chamber  
  73  5:38  Roach, Evolution Chamber  
  73  5:39  Roach x4, Zergling x8  
  77  5:51  Roach x4  
  85  6:02  Drone x3  
  85  6:03  Drone x2  
  85  6:04  Glial Reconstitution  
  90  6:12  Drone x2  
  90  6:16  Drone x2  
  94  6:19  Hydralisk Den  
  94  6:20  Extractor  
  94  6:21  Extractor  
  94  6:24  Hatchery  
  90  6:25  Zerg Melee Weapons Level 1  
  90  6:27  Drone x3  
  90  6:32  Extractor  
  92  6:39  Drone x6  
  97  6:55  Overlord x3  
  97  6:58  Grooved Spines  
  97  7:14  Hatchery  
  97  7:15  Drone x10  
  103  7:22  Hydralisk x6  
  106  7:27  Hydralisk  
  117  7:35  Hydralisk  
  117  7:36  Roach x2  
  122  7:37  Overlord  
  122  7:38  Overlord  
  122  7:47  Overlord x3  
  122  7:54  Hatchery  
  122  7:56  Hydralisk x4  
  122  7:57  Roach x3  
  135  8:00  Hydralisk  
  135  8:02  Overlord x3  
  135  8:04  Ravager  
  137  8:07  Evolution Chamber  
Show
View Real Time Build Order
Export as new Build Order

MapeTheApe Protoss - Winner!

Build Orders: 1 Gate Expand 

Get SALT Encoding   

  12  0:00  Probe  
  13  0:13  Probe  
  14  0:17  Pylon  
  14  0:23  Probe  
  15  0:31  Probe  
  16  0:38  Gateway  
  16  0:40  Probe  
  16  0:46  Assimilator  
  17  0:52  Probe  
  18  1:04  Probe  
  19  1:16  Probe  
  20  1:24  Nexus  
  20  1:34  Cybernetics Core  
  20  1:37  Probe  
  21  1:43  Assimilator  
  21  1:49  Probe  
  21  1:52  Pylon  
  22  2:00  Probe  
  22  2:01  Adept  
  22  2:08  Probe  
  23  2:15  Stargate  
  26  2:16  Probe  
  26  2:19  Warp Gate  
  27  2:27  Adept  
  27  2:28  Probe  
  28  2:37  Probe  
  29  2:41  Probe  
  32  2:49  Probe  
  33  2:57  Adept  
  33  2:58  Void Ray  
  35  3:04  Probe x2  
  41  3:10  Pylon  
  41  3:16  Probe x2  
  43  3:23  Twilight Council  
  43  3:28  Probe  
  43  3:29  Probe  
  45  3:38  Gateway  
  45  3:40  Probe  
  44  3:41  Probe  
  43  3:52  Probe, Gateway x2  
  43  3:53  Probe, Resonating Glaives  
  43  3:54  Shield Battery  
  43  4:04  Probe  
  43  4:07  Adept  
  47  4:15  Nexus  
  46  4:19  Pylon  
  46  4:23  Probe  
  47  4:29  Probe  
  47  4:31  Adept  
  50  4:33  Pylon  
  50  4:36  Probe  
  51  4:42  Probe  
  52  4:46  Adept  
  52  4:48  Probe  
  55  4:54  Probe  
  55  4:55  Adept x3  
  55  4:59  Pylon  
  62  5:00  Probe  
  62  5:06  Probe  
  64  5:09  Adept x2  
  64  5:12  Assimilator  
  64  5:13  Assimilator  
  69  5:18  Adept x2  
  69  5:20  Probe  
  73  5:21  Probe  
  73  5:28  Forge  
  74  5:29  Robotics Facility  
  74  5:30  Robotics Facility  
  74  5:35  Probe  
  75  5:38  Probe  
  75  5:39  Probe  
  75  5:46  Adept x3  
  75  5:47  Probe, Protoss Ground Weapons Level 1  
  75  5:48  Adept  
  82  5:50  Probe  
  82  5:51  Probe  
  84  5:59  Probe  
  84  6:02  Probe  
  86  6:04  Probe  
  86  6:05  Shield Battery  
  86  6:08  Immortal, Gateway x2  
  87  6:23  Pylon  
  87  6:24  Observer  
  91  6:27  Shield Battery  
  92  6:34  Gateway  
  92  6:35  Pylon, Immortal  
  92  6:36  Gateway  
  92  6:39  Pylon  
  92  6:40  Pylon  
  92  6:46  Sentry x2  
  92  6:47  Immortal  
  100  6:50  Pylon  
  104  6:55  Sentry x2  
  108  7:01  Pylon x2  
  108  7:05  Pylon  
  108  7:06  Warp Prism  
  108  7:11  Sentry x2  
  108  7:14  Adept x2  
  112  7:22  Sentry  
  116  7:28  Pylon x3  
  116  7:30  Pylon  
  116  7:32  Adept  
  116  7:33  Adept x2  
  122  7:41  Adept  
  122  7:42  Adept x3  
  130  7:47  Pylon  
  130  7:48  Pylon  
  130  8:01  Adept x4  
  130  8:02  Adept x4  
  142  8:22  Adept x8  
Tags
 
Add a new tag
Caveats
  • Supply blocks, unpowered buildings, or Contaminate may cause inaccurate times.
  • Supply counts are checked every 10 seconds.